 Dungeon Crawl Stone Soup version 0.21.1-1-g345015fe64 (webtiles) character file.

360 PikkenKukken the Cudgeler (level 6, -4/48 HPs)
             Began as a Demonspawn Abyssal Knight on June 23, 2018.
             Was a Believer of Lugonu.
             Slain by a sky beast (5 damage)
             ... on level 3 of the Dungeon.
             The game lasted 00:06:59 (4282 turns).

PikkenKukken the Cudgeler (DsAK)                    Turns: 4282, Time: 00:06:59

Health: -4/48      AC: 12    Str: 14    XL:     6   Next: 38%
Magic:  8/8        EV:  1    Int: 14    God:    Lugonu [**....]
Gold:   147        SH:  7    Dex: 12    Spells: 5/5 levels left

rFire    . . .     SeeInvis .   i - +2 whip (freeze)
rCold    + . .     Gourm    .   m - +0 shield
rNeg     . . .     Faith    .   g - +0 plate armour
rPois    .         Spirit   .   (helmet restricted)
rElec    .         Reflect  .   (no cloak)
rCorr    .         Harm     .   l - +0 pair of gloves
MR       .....                  (no boots)
Stlth    ..........             (no amulet)
HPRegen  0.16/turn              (no ring)
MPRegen  0.11/turn              (no ring)

@: no status effects
A: antennae 2, cold resistance 1, freezing cloud immunity
a: Depart the Abyss, Bend Space, Renounce Religion


You were on level 3 of the Dungeon.
You worshipped Lugonu.
Lugonu was pleased with you.
You were very hungry.

You visited 1 branch of the dungeon, and saw 4 of its levels.
You visited the Abyss 1 time.

You collected 147 gold pieces.

Inventory:

Hand Weapons
 a - a +2 mace
 h - a +0 flail
 i - a +2 whip of freezing (weapon)
Missiles
 e - 63 bolts
Armour
 g - a +0 plate armour (worn)
 l - a +0 pair of gloves (worn)
 m - a +0 shield (worn)
Wands
 k - a wand of digging (12)
Scrolls
 d - 2 scrolls of identify
Potions
 b - 2 potions of haste
 f - a potion of brilliance
 n - 3 potions of heal wounds
Comestibles
 c - 7 rations


   Skills:
 + Level 3.9 Fighting
 + Level 4.2 Maces & Flails
 + Level 3.5 Armour
 - Level 1.1 Dodging
 - Level 0.1 Stealth
 + Level 0.7 Shields
 + Level 3.2 Invocations


You had 5 spell levels left.
You didn't know any spells.

Dungeon Overview and Level Annotations

Branches:
Dungeon (4/15)
 Temple: D:4-7

Altars:
Cheibriados
Kikubaaqudgha
Trog


Innate Abilities, Weirdness & Mutations

You have a pair of antennae on your head.
Your flesh is cold resistant. (rC+)
You are immune to freezing clouds.


Message History

The sky beast is moderately wounded.
The sky beast hits you.
* * * LOW HITPOINT WARNING * * *
The sky beast shocks you.
* * * LOW HITPOINT WARNING * * *
Your plate armour prevents you from hitting the sky beast.
The sky beast is moderately wounded.
The sky beast hits you but does no damage.
You completely miss the sky beast.
The sky beast is moderately wounded.
The sky beast flickers out of sight!
Deactivating autopickup; reactivate with Ctrl-A.
Something hits you.
* * * LOW HITPOINT WARNING * * *
Something shocks you.
* * * LOW HITPOINT WARNING * * *
You hit something. You freeze something. Something hits you.
* * * LOW HITPOINT WARNING * * *
Something shocks you.
You die...

#.##.## #.#####.# #.##.# #.# #.#
########### #.##.####.# #.##
..........# #.##......# #...
..........# #.#############...
..........# #.............#...
..........# #############.#...
..........##################.#...
..............a{@................
######'#####################.##'#
######.#################...#.##.#
.......(..............##...#....#
......>....................'...##
......................##...###.##
......................###### #..#
......................# ##.#
......................# #..


You could see a worker ant.

Vanquished Creatures
  A centaur zombie (D:4)
  A hound (D:4)
  Jessica (D:2)
  Natasha (thrice) (D:2)
  Terence (D:2)
  2 hound zombies (D:4)
  A worker ant zombie (D:4)
  3 gnolls (D:2)
  A howler monkey skeleton (D:4)
  An ooze (D:1)
  An adder zombie (D:4)
  4 worms
  5 dart slugs (D:1)
  A leopard gecko (D:3)
  An orc (D:3)
  3 giant cockroaches
  6 goblins
  7 hobgoblins
  5 jackals
  A quokka (D:2)
  A ball python (D:1)
  8 bats
  6 frilled lizards
  2 jackal skeletons (D:4)
  A jackal zombie (D:4)
  7 kobolds
  2 quokka skeletons (D:4)
  7 rats
83 creatures vanquished.

Notes
Turn   | Place    | Note
-------+----------+-------------------------------------------
     0 | Abyss:1  | PikkenKukken the Demonspawn Abyssal Knight began the quest for the Orb.
     0 | Abyss:1  | Reached XP level 1. HP: 18/18 MP: 2/2
    32 | Abyss:1  | Noticed a large abomination
    33 | D:1      | Escaped the Abyss
   201 | D:1      | Reached skill level 1 in Dodging
   201 | D:1      | Gained mutation: Your flesh is cold resistant. (rC+) [demonic ancestry]
   201 | D:1      | Reached XP level 2. HP: 15/24 MP: 3/3
   465 | D:1      | Reached skill level 2 in Maces & Flails
   476 | D:1      | Reached * piety under Lugonu
   556 | D:1      | Gained mutation: You have a pair of small antennae on your head. [demonic ancestry]
   556 | D:1      | Reached XP level 3. HP: 25/29 MP: 4/4
  1215 | D:2      | Found a bloodstained altar of Trog.
  1252 | D:2      | Noticed Terence
  1271 | D:2      | Killed Terence
  1271 | D:2      | Reached skill level 3 in Maces & Flails
  1271 | D:2      | Reached XP level 4. HP: 2/35 MP: 5/5
  1610 | D:2      | Noticed Jessica
  1616 | D:2      | Killed Jessica
  1660 | D:2      | Noticed Natasha
  1677 | D:2      | Killed Natasha
  1979 | D:2      | Gained mutation: You are immune to freezing clouds. [demonic ancestry]
  1979 | D:2      | Reached XP level 5. HP: 39/41 MP: 6/6
  2193 | D:2      | Noticed Natasha
  2207 | D:2      | Killed Natasha
  2406 | D:2      | Reached ** piety under Lugonu
  2442 | D:2      | Noticed Natasha
  2454 | D:2      | Killed Natasha
  2454 | D:2      | Reached skill level 4 in Maces & Flails
  3449 | D:3      | Found an ancient bone altar of Kikubaaqudgha.
  3450 | D:3      | Found a snail-covered altar of Cheibriados.
  3838 | D:4      | Gained mutation: You have a pair of antennae on your head. [demonic ancestry]
  3838 | D:4      | Reached XP level 6. HP: 43/48 MP: 8/8
  3943 | D:4      | Noticed a sky beast
  4281 | D:3      | HP: 2/48 [something (6)]
  4282 | D:3      | Slain by a sky beast

Skill      XL: |  1  2  3  4  5  6 |
---------------+-------------------+-----
Armour         | 2 3 |  3.5
Dodging        | 1 |  1.1
Maces & Flails | 2 3 4 |  4.2
Invocations    | 3 |  3.2
Fighting       | |  3.9
Stealth        | |  0.1
Shields        | |  0.7

Action                   |  1- 3 |  4- 6 || total
-------------------------+-------+-------++-------
Melee: Mace              |   124 |    36 ||   160
       Whip              |       |   226 ||   226
Invok: Depart the Abyss  |     1 |       ||     1
       Bend Space        |       |     1 ||     1
  Use: Scroll            |     3 |     2 ||     5
       Potion            |     2 |     1 ||     3
  Eat: Chunk             |     1 |     9 ||    10
Armor: Leather armour    |    11 |       ||    11
       Plate armour      |   101 |   205 ||   306
       Ring mail         |     6 |       ||     6
Dodge: Dodged            |    36 |    23 ||    59
Block: Shield            |       |    44 ||    44
